 Dungeon Crawl Stone Soup version 0.25.1-2-g60ff931df9 (webtiles) character file.

Game seed: 7512747697062133147

11293 funkygono the Destroyer (level 11, -18/75 HPs)
             Began as a Demonspawn Conjurer on Oct 31, 2020.
             Was a Priest of Sif Muna.
             Demolished by a swamp worm (24 damage)
             ... on level 2 of the Lair of Beasts.
             The game lasted 00:32:18 (12987 turns).

funkygono the Destroyer (Demonspawn Conjurer)      Turns: 12987, Time: 00:32:19

Health: -18/75     AC:  8    Str: 12    XL:     11   Next: 47%
Magic:  1/25       EV: 16    Int: 20    God:    Sif Muna [***...]
Gold:   476        SH:  4    Dex: 17    Spells: 17/31 levels left

rFire    + + .     SeeInvis .   p - +1 whip (freeze)
rCold    . . .     Gourm    .   (no shield)
rNeg     + + .     Faith    .   a - +1 robe
rPois    .         Spirit   .   (helmet restricted)
rElec    .         Reflect  .   (no cloak)
rCorr    .         Harm     .   s - +0 pair of gloves
MR       .....                  (no boots)
Stlth    ++........             m - amulet "Xuschann" {+Blink rF+ rN+ Regen+ Slay-2}
HPRegen  0.62/turn              J - ring "Uluush" {rF+ rN+ Str+3 Dex+4}
MPRegen  0.19/turn              K - +4 ring of protection

@: no status effects
A: horns 2, large bone plates 1, foul stench 1, spiny 3, rot immunity
a: Channel Magic, Forget Spell, Renounce Religion, Evoke Blink


You were on level 2 of the Lair of Beasts.
You worshipped Sif Muna.
Sif Muna was most pleased with you.
You were not hungry.

You visited 3 branches of the dungeon, and saw 12 of its levels.
You also visited: Ossuary.

You collected 476 gold pieces.

Inventory:

Hand Weapons
 e - a +1 club
 i - a +3 vorpal dire flail
 p - a +1 whip of freezing (weapon)
Missiles
 g - 226 stones (quivered)
Armour
 a - a +1 robe (worn)
 s - a +0 pair of gloves (worn)
Magical Staves
 o - an uncursed staff of air
Jewellery
 l - an uncursed ring of poison resistance
 m - the amulet "Xuschann" (around neck) {+Blink rF+ rN+ Regen+ Slay-2}
   (You acquired it on level 6 of the Dungeon)

   [amulet of regeneration]

   It affects your accuracy and damage with ranged weapons and melee attacks
   (-2).
   It protects you from fire.
   It protects you from negative energy.
   It lets you blink.
   It increases your rate of regeneration.
 q - an uncursed amulet of reflection
 y - a +4 ring of evasion
 B - an uncursed amulet of regeneration
 J - the ring "Uluush" (left hand) {rF+ rN+ Str+3 Dex+4}
   (You found it on level 1 of the Lair of Beasts)

   [ring of positive energy]

   It affects your strength (+3).
   It affects your dexterity (+4).
   It protects you from fire.
   It protects you from negative energy.
 K - a +4 ring of protection (right hand)
Wands
 z - a wand of disintegration (11)
 A - a wand of enslavement (4)
 C - a wand of random effects (18)
 D - a wand of flame (19)
 I - a wand of clouds (7)
Scrolls
 f - 4 scrolls of teleportation
 j - 3 scrolls of amnesia
 k - 6 scrolls of remove curse
 w - 2 scrolls of magic mapping
 G - a scroll of blinking
Potions
 d - 8 potions of curing
 h - a potion of brilliance
 n - a potion of stabbing
 r - a potion of invisibility
 t - a potion of magic
 u - a potion of lignification
 v - a potion of cancellation
 E - a potion of might {unknown}
 F - a potion of haste
 H - a potion of mutation {unknown}
Comestibles
 c - 21 rations


   Skills:
 + Level 3.2 Fighting
 + Level 2.3 Maces & Flails
 + Level 5.7 Dodging
 - Level 1.7 Stealth
 + Level 10.5 Spellcasting
 + Level 11.2 Conjurations
 + Level 0.3 Hexes
 + Level 0.7 Transmutations
 * Level 3.1 Fire Magic
 * Level 4.2 Poison Magic
 + Level 2.8 Invocations


You had 17 spell levels left.
You knew the following spells:

 Your Spells              Type           Power        Failure   Level  Hunger
a - Magic Dart            Conj           ####         1%          1    None
b - Searing Ray           Conj           ######       1%          2    None
c - Fulminant Prism       Conj/Hex       ####......   6%          4    ##.....
d - Olgreb's Toxic Radia  Pois           ####....     12%         4    ##.....
e - Ignite Poison         Fire/Tmut/Pois ###.....     6%          3    None

Your spell library contained the following spells:

 Spells                   Type           Power        Failure   Level  Hunger
 Conjure Flame            Conj/Fire      #####...     1%          3    None
 Dazzling Flash           Conj/Hex       ####..       1%          3    None
 Sting                    Tmut/Pois      ###.         2%          1    None
 Mephitic Cloud           Conj/Pois/Air  ####....     2%          3    None
 Poisonous Vapours        Pois/Air       ###...       4%          2    None
 Iskenderun's Mystic Bla  Conj/Tloc      ####....     6%          4    ##.....
 Summon Butterflies       Summ           ##......     7%          1    None
 Slow                     Hex            ##......     9%          2    None
 Blink                    Tloc           N/A          10%         2    None
 Call Imp                 Summ           ##......     10%         2    None
 Call Canine Familiar     Summ           ##......     21%         3    None
 Summon Ice Beast         Ice/Summ       ##......     54%         4    ##.....
 Summon Mana Viper        Hex/Summ       ##......     86%         5    ####...
 Summon Hydra             Summ           ##........   100%        7    #######


Dungeon Overview and Level Annotations

Branches:
Dungeon (9/15)             Temple (1/1) D:5            Lair (2/6) D:9
Ossuary (visited)
  Swamp: Lair:2-4    Shoals: Lair:2-4     Snake: Lair:2-4    Spider: Lair:2-4
    Orc: D:9-12

Altars:
Ashenzari
Cheibriados
Dithmenos
Elyvilon
Fedhas
Gozag
Hepliaklqana
Kikubaaqudgha
Makhleb
Nemelex Xobeh
Okawaru
Qazlal
Ru
Sif Muna
Trog
Uskayaw
Vehumet
Wu Jian
Xom
Yredelemnul
Zin
The Shining One

Shops:
D:5 !   D:9 !(*?

Annotations:
D:9 3 runed translucent doors
Lair:1 1 runed translucent door, Irchot's ghost, novice FeWz


Innate Abilities, Weirdness & Mutations

You have a pair of horns on your head.
You are partially covered in large bone plates. (SH +4)
You may emit foul miasma when damaged in melee.
You are completely covered in sharp spines.
You are immune to rotting.


Message History

* * * LOW HITPOINT WARNING * * *
You are yanked forward by the harpoon shot.
There is a fountain of clear blue water here.
Casting: Searing Ray (safe; 1% risk of failure)
Confirm with . or Enter, or press ? or * to list all spells.
Aiming: Searing Ray (safe; 1% risk of failure)
Press: ? - help, Shift-Dir - straight line, f - swamp worm
Aim: a swamp worm The searing ray hits the swamp worm.
The swamp worm is lightly wounded. (Press . to maintain the ray.)
The swamp worm bites you.
* * * LOW HITPOINT WARNING * * *
The swamp worm is struck by your spines.
The swamp worm bites you but does no damage.
The searing ray misses the swamp worm.
The swamp worm misses you.
The searing ray hits the swamp worm!
The swamp worm is severely wounded.
The swamp worm bites you!!
You die...

.#.P..#
...#..# ##
.......#
.###P#
.........
)...#
.♣♣♣♣♣♣♣♣.
....## ♣♣
♣♣♣ ....#
≈≈≈≈♣♣♣...#
.♣.♣..w⌠..#
.......@..##
♣≈≈≈♣♣♣.%..#
♣ ♣...°.##
♣......#..##
.♣♣
.....####.#
..# ..#P
##.# #.##.#
#..## .# ..
....# ##...#
#.##. ##..#
##...##


You could see a swamp worm.

Vanquished Creatures
  A hydra (Lair:2)
  Urug (Lair:1)
  Pikel (D:5)
  2 spiny frogs (Lair:1)
  2 komodo dragons
  A polar bear (Lair:2)
  A troll (D:9)
  2 hornets (D:8)
  4 blink frogs (Lair:1)
  4 hippogriffs
  3 yaks
  Eustachio (D:5)
  A swamp worm (Lair:2)
  3 water moccasins (Lair:1)
  Edmund (D:6)
  2 soldier ants (D:8)
  2 porcupines (Lair:1)
  4 sky beasts
  2 slaves (D:5)
  A hornet zombie (D:9)
  3 orc warriors
  3 ice beasts
  An ogre (D:8)
  4 wolves (Lair:2)
  6 centaurs
  A big kobold (D:9)
  7 bullfrogs
  2 water moccasin zombies (Ossuary)
  2 scorpions
  3 killer bees (D:8)
  3 electric eels
  5 wights (D:9)
  3 crimson imps
  4 howler monkeys
  A quasit (D:6)
  2 bullfrog zombies (D:8)
  4 hounds
  A bullfrog skeleton (D:6)
  7 orc priests
  A centaur skeleton (D:5)
  4 orc wizards
  5 iguanas
  8 worker ants
  A hound skeleton (D:6)
  A hound zombie (D:7)
  2 mummies (Ossuary)
  Robin (D:2)
  7 gnolls
  11 adders
  A howler monkey skeleton (D:5)
  2 shadow imps (D:6)
  3 adder skeletons
  7 adder zombies
  A worm (D:2)
  3 dart slugs
  7 leopard geckos
  23 orcs
  A ball python (D:3)
  6 giant cockroaches
  3 gnoll zombies (Ossuary)
  13 hobgoblins
  23 jackals
  6 quokkas
  8 bats
  7 frilled lizards
  A giant cockroach zombie (D:5)
  14 goblins
  5 hobgoblin zombies (Ossuary)
  6 kobolds
  5 kobold zombies (Ossuary)
  A leopard gecko skeleton (D:4)
  A leopard gecko zombie (D:5)
  4 orc zombies (Ossuary)
  6 rats
299 creatures vanquished.

Vanquished Creatures (others)
  A hound (D:5)
  An adder (D:5)
  A howler monkey skeleton (D:5)
  6 fulminant prisms
  3 plants (Lair:2)
12 creatures vanquished.

Grand Total: 311 creatures vanquished

Notes
Turn   | Place    | Note
-------+----------+-------------------------------------------
     0 | D:1      | funkygono the Demonspawn Conjurer began the quest for the
                  | Orb.
     0 | D:1      | Reached XP level 1. HP: 13/13 MP: 3/3
   489 | D:1      | Gained mutation: You are partially covered in large bone
                  | plates. (SH +4) [demonic ancestry]
   489 | D:1      | Reached XP level 2. HP: 19/19 MP: 3/5
   493 | D:1      | Learned a level 2 spell: Searing Ray
  1214 | D:1      | Reached XP level 3. HP: 22/24 MP: 3/6
  1742 | D:2      | Reached skill level 5 in Conjurations
  1845 | D:2      | Gained mutation: You are partially covered in sharp spines.
                  | [demonic ancestry]
  1845 | D:2      | Reached XP level 4. HP: 30/30 MP: 3/8
  1994 | D:2      | Found a faded altar of an unknown god.
  2078 | D:2      | Noticed Robin
  2094 | D:2      | Killed Robin
  2931 | D:3      | Gained mutation: You have a pair of small horns on your
                  | head. [demonic ancestry]
  2931 | D:3      | Reached XP level 5. HP: 36/36 MP: 3/9
  3103 | D:3      | Found a bloodstained altar of Trog.
  3103 | D:3      | Found a faded altar of an unknown god.
  3108 | D:3      | Found a burning altar of Makhleb.
  3110 | D:3      | Found a blossoming altar of Fedhas.
  3112 | D:3      | Found a hide-covered altar of Uskayaw.
  3251 | D:3      | Found a blossoming altar of Fedhas.
  3739 | D:4      | Gained mutation: You are immune to rotting. [demonic
                  | ancestry]
  3739 | D:4      | Reached XP level 6. HP: 35/42 MP: 3/11
  3833 | D:4      | Reached skill level 6 in Conjurations
  4470 | D:4      | Learned a level 4 spell: Fulminant Prism
  4477 | D:5      | Entered Level 5 of the Dungeon
  4575 | D:5      | Noticed Eustachio
  4622 | D:5      | Killed Eustachio
  4622 | D:5      | Reached skill level 7 in Conjurations
  4622 | D:5      | Reached XP level 7. HP: 45/47 MP: 3/13
  4970 | D:5      | Reached skill level 5 in Spellcasting
  5300 | D:5      | Noticed Pikel
  5314 | D:5      | Killed Pikel
  5314 | D:5      | Reached skill level 1 in Fighting
  5314 | D:5      | Reached skill level 8 in Conjurations
  5314 | D:5      | Gained mutation: You are mostly covered in sharp spines.
                  | [demonic ancestry]
  5314 | D:5      | Reached XP level 8. HP: 41/54 MP: 3/16
  5533 | D:5      | Found Caqebb's Distillery.
  5599 | D:5      | Found a staircase to the Ecumenical Temple.
  5617 | Temple   | Entered the Ecumenical Temple
  5660 | Temple   | Became a worshipper of Sif Muna the Loreminder
  6207 | D:6      | Noticed Edmund
  6304 | D:6      | Killed Edmund
  6833 | D:6      | Reached skill level 9 in Conjurations
  6833 | D:6      | Gained mutation: You have a pair of horns on your head.
                  | [demonic ancestry]
  6833 | D:6      | Reached XP level 9. HP: 61/61 MP: 5/19
  7257 | D:6      | Identified a scroll of acquirement
  7257 | D:6      | Acquired the amulet "Xuschann" {+Blink rF+ rN+ Regen+
                  | Slay-2}
  7340 | D:7      | Reached * piety under Sif Muna
  7603 | D:7      | Found a sand-covered staircase.
  7608 | Ossuary  | Entered an ossuary
  7652 | Ossuary  | Reached skill level 1 in Maces & Flails
  8656 | D:8      | Reached ** piety under Sif Muna
  8708 | D:8      | Reached skill level 10 in Conjurations
  9005 | D:8      | Gained mutation: You are completely covered in sharp
                  | spines. [demonic ancestry]
  9005 | D:8      | Reached XP level 10. HP: 67/67 MP: 14/22
  9273 | D:8      | Found a burning altar of Makhleb.
  9420 | D:8      | Found a hide-covered altar of Uskayaw.
  9457 | D:8      | Found an ancient bone altar of Kikubaaqudgha.
  9457 | D:8      | Found an ornate altar of the Wu Jian Council.
  9515 | D:8      | Reached skill level 5 in Dodging
  9517 | D:8      | Reached skill level 1 in Invocations
 10105 | D:9      | Reached *** piety under Sif Muna
 10183 | D:9      | Found Ciuveqem's Distillery.
 10184 | D:9      | Found a staircase to the Lair.
 10193 | D:9      | Found a runed translucent gate.
 10193 | D:9      | Found a runed translucent gate.
 10193 | D:9      | Found a runed translucent gate.
 10195 | D:9      | Noticed a white ugly thing
 10195 | D:9      | Noticed a purple ugly thing
 10195 | D:9      | Noticed a glowing orange brain
 10195 | D:9      | Noticed a brown ugly thing
 10195 | D:9      | Noticed a red ugly thing
 10196 | D:9      | Noticed a red ugly thing
 10252 | D:9      | Found Ylaimmiv's Assorted Antiques.
 10619 | D:9      | Learned a level 4 spell: Olgreb's Toxic Radiance
 10623 | D:9      | Learned a level 3 spell: Ignite Poison
 10657 | D:9      | Found Ruocikli's Weapon Shoppe.
 10711 | D:9      | Found Tanuhap's Magic Scroll Shoppe.
 10914 | D:9      | Reached skill level 1 in Fire Magic
 11007 | D:9      | Reached skill level 1 in Poison Magic
 11469 | Lair:1   | Entered Level 1 of the Lair of Beasts
 11717 | Lair:1   | Found a runed translucent door.
 11717 | Lair:1   | Noticed Irchot's ghost (novice FeWz)
 11735 | Lair:1   | Noticed Urug
 11750 | Lair:1   | Killed Urug
 11754 | Lair:1   | Reached skill level 11 in Conjurations
 11754 | Lair:1   | Gained mutation: You may emit foul miasma when damaged in
                  | melee. [demonic ancestry]
 11754 | Lair:1   | Reached XP level 11. HP: 70/74 MP: 13/24
 11854 | Lair:1   | Reached skill level 10 in Spellcasting
 12010 | Lair:1   | Got a translucent iron ring
 12012 | Lair:1   | Identified the ring "Uluush" {rF+ rN+ Str+3 Dex+4} (You
                  | found it on level 1 of the Lair of Beasts)
 12606 | Lair:2   | Noticed a five-headed hydra
 12947 | Lair:2   | Noticed an eight-headed hydra
 12964 | Lair:2   | Killed an eight-headed hydra
 12987 | Lair:2   | Demolished by a swamp worm

Illustrated notes

Levels and vault maps discovered:
D:1:      minmay_arrival_radiant_lines, layout_basic
D:2:      layout_basic, chequers_ecumenical_altar_island, serial_glass,
          glass_columns_a, glass_columns_c, uniq_robin
D:3:      layout_loops_corners, chequers_temple_overflow_minitemple,
          minmay_liquid_box, fedhas_altar_1
D:4:      layout_rooms, first_ration, eino_small_chamber_without_monster
D:5:      layout_basic, minmay_temple_entry_slanted, serial_shops,
          nicolae_shop_statue_plus, uniq_eustachio, uniq_pikel
D:6:      layout_gridville, uniq_edmund
D:7:      layout_basic, nicolae_ossuary_entry_false_entrances
D:8:      cheibrodos_quashed, layout_rooms, gammafunk_temple_overflow_statue,
          basic_altar, hangedman_pestilent_swarm, dk_vineyard_3,
          lemuel_centaur_altar
D:9:      layout_layer_cave, lair_entry_dummy,
          ploomutoo_gammafunk_ghost_potion_laboratory, serial_shops, shop,
          nicolae_shop_waterfront, nicolae_shop_waterfront, nicolae_shop_stone,
          serial_bayou_crossing
Temple:   eino_temple_scatter_basement
Lair:1:   layout_roguey, ebering_ghost_reflecting_pool, grunt_megastairs_4,
          uniq_urug
Lair:2:   wander_river, layout_misc_corridors,
          nicolae_swamp_entry_splash_gauntlet, grunt_forest_small_clearings,
          serial_bayou_ford_a, lemuel_fruit_fields

Skill      XL: |  1  2  3  4  5  6  7  8  9 10 11 |
---------------+----------------------------------+-----
Dodging        | 2 3 4 5 |  5.7
Conjurations   | 5 7 8 9 10 11 | 11.2
Spellcasting   | 3 4 5 7 8 9 10 | 10.5
Fighting       | 1 2 3 |  3.2
Maces & Flails | 1 2 |  2.3
Invocations    | 2 |  2.8
Fire Magic     | 1 3 |  3.1
Poison Magic   | 2 4 |  4.2
Stealth        | |  1.7
Hexes          | |  0.3
Transmutations | |  0.7

Action                   |  1- 3 |  4- 6 |  7- 9 | 10-12 || total
-------------------------+-------+-------+-------+-------++-------
Melee: Club              |    22 |    20 |     1 |       ||    43
       Whip              |       |       |    23 |    10 ||    33
       Headbutt          |       |       |     1 |     1 ||     2
 Cast: Magic Dart        |    72 |    67 |   104 |    67 ||   310
       Searing Ray       |     5 |    22 |    70 |    47 ||   144
       Fulminant Prism   |       |       |     2 |     4 ||     6
       Olgreb's Toxic Ra |       |       |       |    11 ||    11
       Ignite Poison     |       |       |       |     9 ||     9
Invok: Channel Magic     |       |       |     2 |     1 ||     3
  Use: Scroll            |     4 |     4 |     6 |     5 ||    19
       Potion            |       |       |       |     3 ||     3
  Eat: Chunk             |     4 |     9 |    11 |     6 ||    30
       Ration            |       |       |     1 |     2 ||     3
Armor: Robe              |     9 |     8 |    10 |    11 ||    38
Dodge: Dodged            |    33 |    35 |    49 |    66 ||   183
Block: Other             |     9 |     8 |    21 |     9 ||    47
